Map: Dusk Towers

Players

Miszu - Winner!

  • Race: Terran Terran
  • League: Grandmaster

ImmortalPasT

  • Race: Protoss Protoss
  • League: Master

VOD

Have the link to the VOD?

Description

Time

  • Played on: Feb. 8, 2016, 11:22 a.m.
  • Length: 10:50
Show
View Real Time Build Order
Export as new Build Order

Miszu Terran - Winner!

Build Orders: Command Center First (CC), MMM Bio 

Get SALT Encoding   

  12  0:00  SCV  
  13  0:12  SCV  
  14  0:17  Supply Depot  
  14  0:24  SCV  
  15  0:38  SCV  
  16  0:50  SCV  
  17  1:02  Command Center  
  17  1:03  SCV  
  18  1:16  SCV  
  18  1:17  Barracks  
  19  1:28  SCV  
  19  1:29  Barracks  
  20  1:40  SCV  
  20  1:44  Barracks  
  21  1:52  SCV  
  21  2:05  Marine, Orbital Command  
  22  2:17  Marine  
  23  2:24  Marine  
  24  2:31  Marine, SCV  
  24  2:32  Orbital Command  
  24  2:35  Marine  
  27  2:42  Refinery, Marine  
  27  2:43  Refinery  
  27  2:44  SCV  
  29  2:49  Marine  
  30  2:53  Marine  
  30  2:56  SCV  
  32  2:58  SCV  
  32  3:00  Marine  
  34  3:07  Marine  
  34  3:08  Supply Depot, SCV  
  34  3:10  SCV  
  38  3:13  Barracks Tech Lab  
  38  3:18  Marine  
  38  3:29  Supply Depot, Marine, SCV x2  
  38  3:32  Marine, Stimpack  
  42  3:36  Marine  
  43  3:42  SCV x2  
  43  3:47  Marine  
  46  3:50  Marine  
  46  3:53  Marine  
  46  3:54  Supply Depot, SCV x2  
  50  3:59  Factory  
  50  4:00  Refinery  
  50  4:02  Engineering Bay  
  50  4:05  Marine  
  50  4:06  SCV x2  
  53  4:18  SCV x2  
  53  4:19  Marine  
  53  4:20  Marine  
  53  4:24  Supply Depot  
  57  4:25  Marine  
  57  4:29  Terran Infantry Weapons Level 1  
  57  4:30  SCV  
  59  4:32  SCV  
  59  4:35  Missile Turret  
  59  4:36  Missile Turret  
  60  4:42  SCV  
  60  4:45  Factory Reactor  
  61  4:46  Starport  
  61  4:52  Marine, Marauder  
  63  4:59  Supply Depot  
  64  5:00  Supply Depot, SCV  
  64  5:02  SCV  
  66  5:13  SCV  
  67  5:14  SCV  
  67  5:17  Liberator x2  
  67  5:20  Command Center  
  68  5:28  Barracks Reactor, Barracks Tech Lab  
  68  5:30  SCV x2  
  76  5:41  Refinery  
  76  5:42  SCV  
  77  5:44  Supply Depot, SCV  
  77  5:47  Marauder  
  77  5:48  Concussive Shells  
  80  5:50  Combat Shields  
  80  5:54  SCV  
  80  5:56  SCV  
  84  5:57  Marauder  
  84  6:02  Barracks  
  84  6:04  Barracks  
  84  6:05  Marine  
  84  6:07  SCV  
  86  6:11  SCV  
  88  6:19  SCV  
  88  6:23  Missile Turret  
  88  6:25  Supply Depot, SCV  
  90  6:26  Supply Depot  
  90  6:29  Medivac x2  
  92  6:34  Orbital Command  
  92  6:35  SCV  
  92  6:37  SCV  
  94  6:48  SCV  
  94  6:49  SCV  
  94  6:51  Barracks Reactor, Barracks Tech Lab  
  96  6:54  Fusion Core  
  96  6:56  Starport  
  96  6:59  Refinery x2  
  96  7:00  SCV  
  96  7:01  SCV x2  
  98  7:06  Liberator x2  
  99  7:12  SCV  
  99  7:13  SCV x2  
  99  7:15  Marine, Marauder  
  105  7:17  Marine  
  105  7:18  Marauder  
  105  7:20  Terran Infantry Armor Level 1  
  108  7:24  SCV  
  108  7:25  SCV  
  108  7:27  SCV  
  108  7:29  Supply Depot  
  117  7:30  Supply Depot  
  117  7:32  Marine x2  
  119  7:38  Marine x2, Marauder  
  123  7:44  Starport Tech Lab, Missile Turret  
  123  7:45  Liberator  
  123  7:49  Liberator  
  123  7:55  Marine x2, Marauder  
  123  7:56  Marauder  
  123  7:58  Supply Depot  
  129  8:00  Supply Depot  
  129  8:02  Advanced Ballistics  
  129  8:05  Marine x2, Marauder  
  135  8:06  Liberator  
  139  8:13  Marine  
  139  8:15  Barracks  
  139  8:17  Barracks  
  139  8:18  Barracks  
  142  8:20  Marauder  
  144  8:28  Liberator  
  144  8:29  Missile Turret  
  144  8:33  Marauder  
  146  8:47  Marine x4, Marauder  
  157  8:50  Supply Depot  
  157  8:52  Supply Depot  
  157  8:54  Liberator x2  
  155  8:55  Supply Depot  
  155  8:58  Engineering Bay  
  155  8:59  Armory  
  155  9:06  Barracks Tech Lab x2  
  155  9:07  Barracks Reactor  
  155  9:11  Liberator  
  155  9:14  Supply Depot  
  155  9:15  Supply Depot  
  161  9:17  Supply Depot  
  161  9:20  Marine x2  
  166  9:41  Marine, Marauder  
  166  9:44  Marine, Marauder  
  161  9:54  Medivac x2  
  161  9:55  Marine, Marauder  
  165  10:05  Marine, Marauder  
  171  10:17  Command Center  
  171  10:21  Marine, Marauder  
Show
View Real Time Build Order
Export as new Build Order

ImmortalPasT Protoss 

Build Orders: 1 Gate Expand 

Get SALT Encoding   

  12  0:01  Probe (Chrono Boost)  
  13  0:11  Probe (Chrono Boost)  
  14  0:19  Pylon  
  14  0:22  Probe (Chrono Boost)  
  15  0:37  Gateway, Probe (Chrono Boost)  
  16  0:43  Assimilator  
  16  0:47  Probe (Chrono Boost)  
  17  0:58  Probe (Chrono Boost)  
  18  1:08  Probe (Chrono Boost)  
  19  1:23  Nexus  
  19  1:30  Probe (Chrono Boost)  
  20  1:33  Cybernetics Core  
  20  1:38  Assimilator  
  20  1:41  Probe (Chrono Boost)  
  21  1:52  Probe (Chrono Boost)  
  22  2:01  Pylon  
  22  2:02  Probe (Chrono Boost)  
  23  2:10  Warp Gate  
  23  2:16  Robotics Facility  
  23  2:19  Probe (Chrono Boost)  
  24  2:23  Twilight Council  
  24  2:26  Adept  
  24  2:29  Probe (Chrono Boost)  
  26  2:39  Pylon  
  26  2:40  Probe (Chrono Boost)  
  26  2:41  Mothership Core (Chrono Boost)  
  29  2:50  Probe (Chrono Boost)  
  30  2:59  Probe (Chrono Boost), Assimilator  
  30  3:01  Probe (Chrono Boost)  
  32  3:08  Zealot  
  32  3:10  Probe (Chrono Boost)  
  32  3:12  Probe (Chrono Boost)  
  36  3:16  Charge  
  36  3:20  Probe (Chrono Boost)  
  36  3:22  Probe (Chrono Boost)  
  38  3:31  Probe (Chrono Boost)  
  39  3:34  Robotics Facility  
  39  3:36  Probe (Chrono Boost)  
  40  3:42  Probe (Chrono Boost)  
  40  3:47  Probe (Chrono Boost)  
  42  3:52  Probe (Chrono Boost)  
  42  3:53  Assimilator  
  42  3:55  Sentry  
  45  3:57  Probe (Chrono Boost)  
  47  4:03  Probe (Chrono Boost)  
  47  4:08  Probe (Chrono Boost)  
  48  4:11  Pylon  
  48  4:13  Probe (Chrono Boost)  
  49  4:18  Probe (Chrono Boost)  
  49  4:19  Templar Archives  
  49  4:24  Probe (Chrono Boost)  
  51  4:29  Probe (Chrono Boost)  
  50  4:33  Immortal  
  50  4:37  Pylon  
  55  4:40  Gateway x2  
  55  4:44  Gateway  
  55  4:45  Psionic Storm  
  54  4:49  Probe (Chrono Boost)  
  54  4:50  Probe (Chrono Boost)  
  56  4:54  Pylon  
  56  5:01  High Templar  
  56  5:05  Pylon, Probe  
  59  5:12  Forge, Observer  
  60  5:20  Forge  
  60  5:21  Forge  
  60  5:32  Pylon  
  60  5:33  Immortal  
  64  5:36  High Templar x2  
  68  5:43  Zealot  
  68  5:44  Zealot  
  68  5:46  Protoss Ground Armor Level 1  
  72  5:53  Pylon  
  72  5:57  Pylon, Photon Cannon  
  72  6:01  Protoss Ground Weapons Level 1  
  72  6:09  Nexus  
  72  6:13  Observer  
  72  6:16  Photon Cannon  
  73  6:20  High Templar  
  73  6:24  Photon Cannon  
  75  6:30  Zealot x2  
  75  6:31  Photon Cannon  
  79  6:33  High Templar  
  85  6:40  Immortal  
  85  6:44  Pylon  
  85  6:50  Photon Cannon  
  85  6:52  Probe (Chrono Boost)  
  87  7:02  Probe (Chrono Boost)  
  87  7:05  Stalker x2  
  91  7:09  Gateway  
  91  7:14  Stalker x2  
  91  7:15  Probe (Chrono Boost)  
  91  7:21  Photon Cannon  
  91  7:24  Probe (Chrono Boost)  
  92  7:30  High Templar x2  
  92  7:33  Warp Prism  
  100  7:37  Probe x3 (Chrono Boost)  
  101  7:45  High Templar  
  101  7:47  Probe x2 (Chrono Boost)  
  101  7:48  Probe (Chrono Boost)  
  106  7:51  Zealot  
  106  7:56  Gateway  
  106  7:58  Protoss Ground Weapons Level 2  
  107  8:06  Protoss Ground Armor Level 2  
  107  8:10  Assimilator  
  107  8:14  Assimilator  
  107  8:19  Photon Cannon  
  107  8:22  High Templar  
  109  8:33  Nexus  
  109  8:35  Pylon, Probe x2 (Chrono Boost)  
  109  8:36  Pylon  
  109  8:38  Pylon  
  109  8:49  Zealot x4  
  109  8:54  Gateway  
  117  8:57  Gateway  
  117  9:00  High Templar x2  
  121  9:04  Archon  
  121  9:07  Gateway, Warp Prism  
  123  9:11  High Templar x2  
  123  9:15  Archon  
  127  9:19  Zealot x2  
  131  9:32  Stalker x2  
  83  9:53  High Templar x4  
  85  10:00  Archon x2  
  85  10:06  Zealot  
  87  10:07  Zealot  
  87  10:11  Stalker x2  
  93  10:25  Photon Cannon  
  92  10:28  Stalker  
  92  10:29  Stalker x5  
  92  10:34  Stalker x7  
  92  10:35  Stalker  
Tags
 
Add a new tag
Caveats
  • Supply blocks, unpowered buildings, or Contaminate may cause inaccurate times.
  • Supply counts are checked every 10 seconds.